 Dungeon Crawl Stone Soup version 0.28-a0-80-g9707f7362f (webtiles) character file.

Game seed: 16686204088667041428

209 fishnetcowboy the Covered (level 5, -3/47 HPs)
             Began as a Hill Orc Fighter on Aug 6, 2021.
             Slain by a gnoll (6 damage)
             ... on level 4 of the Dungeon.
             The game lasted 00:24:03 (4114 turns).

fishnetcowboy the Covered (Hill Orc Fighter)        Turns: 4114, Time: 00:24:05

Health: -3/47      AC:  9    Str: 20    XL:     5   Next: 87%
Magic:  5/5        EV:  5    Int:  8    God:
Gold:   108        SH:  9    Dex: 10    Spells: 4/4 levels left

rFire   . . .      SeeInvis .   o - +3 flail
rCold   . . .      Faith    .   c - +0 kite shield
rNeg    . . .      Spirit   .   v - +0 chain mail
rPois   .          Reflect  .   (no helmet)
rElec   .          Harm     .   (no cloak)
rCorr   .          Rampage  .   (no gloves)
Will    .....                   (no boots)
Stlth   ..........              (no amulet)
HPRegen 0.15/turn               (no ring)
MPRegen 0.09/turn               (no ring)

@: no status effects
A: no striking features
a: no special abilities


You were on level 4 of the Dungeon.
You visited 1 branch of the dungeon, and saw 4 of its levels.

You collected 108 gold pieces.

Inventory:

Hand Weapons
 a - a +0 war axe
 m - a +0 flail
 o - a +3 flail (weapon)
Missiles
 f - 64 stones
 g - 36 arrows
 l - 13 poisoned darts (quivered)
 n - 37 sling bullets
 t - 4 boomerangs
Armour
 b - a +0 scale mail
 c - a +0 kite shield (worn)
 v - a +0 chain mail (worn)
Jewellery
 w - a ring of poison resistance
Wands
 k - a wand of digging (5)
Scrolls
 h - a scroll of identify {unknown}
 i - a scroll of vulnerability {unknown}
 j - a scroll of acquirement {unknown}
 p - 2 scrolls of fog {unknown}
 r - a scroll of immolation {unknown}
 s - a scroll of teleportation {unknown}
 u - a scroll of enchant armour {unknown}
Potions
 d - a potion of might
 e - a potion of cancellation {unknown}
 q - a potion of berserk rage {unknown}


   Skills:
 + Level 4.4 Fighting
 + Level 4.0(4.3) Axes
 + Level 1.5(2.6) Maces & Flails
 + Level 4.7 Armour
 + Level 0.5 Dodging
 + Level 4.3 Shields


You had 4 spell levels left.
You didn't know any spells.
Your spell library contained the following spells:

 Spells                   Type           Power      Damage    Failure   Level
 Ensorcelled Hibernation  Hex/Ice        0%         N/A       100%        2
 Summon Ice Beast         Ice/Summ       0%         N/A       100%        4
 Freezing Cloud           Conj/Ice/Air   0%         6-21      100%        5
 Polar Vortex             Ice            0%         N/A       100%        9


Dungeon Overview and Level Annotations

Branches:
Dungeon (4/15)
 Temple: D:4-7

Altars:
Ru


Message History

You block the gnoll's attack. The gnoll hits you with a +0 spear.
The hound stops to sniff the ground.
You block the gnoll's attack. You block the hound's attack.
You block the gnoll's attack. You block the gnoll's attack.
The hound bites you but does no damage. The hound bites you but does no damage.
You block the gnoll's attack. The hound completely misses you.
The hound bites you but does no damage. The hound bites you.
You block the hound's attack. The gnoll hits you but does no damage.
The hound bites you but does no damage. The hound bites you.
You see here a poisoned dart.
You block the hound's attack. The hound barely misses you.
The hound bites you but does no damage.
There is a stone staircase leading up, spattered with blood here.
The hound bites you but does no damage.
Your shield and chain mail prevent you from hitting the hound.
The hound bites you but does no damage. You block the gnoll's attack. x2
The hound bites you but does no damage. You block the gnoll's attack.
You block the hound's attack. The gnoll hits you but does no damage.
You see here a scroll labelled QUXEID GIUMU.
The hound barely misses you. You block the hound's attack.
You block the gnoll's attack. You block the gnoll's attack.
The hound bites you but does no damage. The hound bites you but does no damage.
You block the hound's attack. The hound bites you.
* * * LOW HITPOINT WARNING * * *
You block the gnoll's attack. The gnoll barely misses you.
The hound bites you but does no damage. The gnoll hits you but does no damage.
The hound bites you but does no damage.
Your shield and chain mail prevent you from hitting the gnoll.
The hound bites you but does no damage. The gnoll hits you with a +0 flail!
* * * LOW HITPOINT WARNING * * *
The gnoll hits you from afar with a +0 spear.
* * * LOW HITPOINT WARNING * * *
The hound bites you but does no damage. The gnoll hits you with a +0 flail.
You die...

####................#
....................#
....................#
#..##....####.#...(#.#
#. ##.....###.####.#.#
...#..##(..##.# #...#
.......##..##.#####..#
...#........)...# ..#
#....÷.).÷.g@..# #..#
#.......<.(..h.#
#........?..g..#
................#
...............)..#
......................
................##..##
................# #..#
....>.........# #..


You could see a hound and 2 gnolls.

Vanquished Creatures
  A hound (D:3)
  An iguana (D:4)
  A gnoll (D:3)
  5 adders
  3 dart slugs (D:2)
  6 orcs (D:3)
  4 ball pythons
  7 endoplasms
  6 giant cockroaches
  3 hobgoblins
  10 jackals
  3 quokkas (D:1)
  8 bats
  4 frilled lizards
  7 goblins
  8 kobolds
  9 rats
86 creatures vanquished.

Notes
Turn   | Place    | Note
-------+----------+-------------------------------------------
     0 | D:1      | fishnetcowboy the Hill Orc Fighter began the quest for the
                  | Orb.
     0 | D:1      | Reached XP level 1. HP: 19/19 MP: 1/1
   254 | D:1      | Reached XP level 2. HP: 27/27 MP: 2/2
   801 | D:1      | Reached XP level 3. HP: 33/33 MP: 3/3
  1564 | D:2      | Found a faded altar of an unknown god.
  1694 | D:2      | Reached XP level 4. HP: 37/40 MP: 4/4
  2783 | D:3      | Got Sif Muna's Papyrus of the Frostbite
  2898 | D:3      | Found a sacrificial altar of Ru.
  3346 | D:3      | Reached XP level 5. HP: 38/47 MP: 5/5
  3799 | D:4      | Reached skill level 1 in Maces & Flails
  4114 | D:4      | Slain by a gnoll

Illustrated notes

Levels and vault maps discovered:
D:1:      dpeg_arrival_round_a, layout_basic, nrook_loot_triangle
D:2:      layout_basic, ebering_ecumenical_altar_sacrificial,
          kennysheep_generic_room_4
D:3:      layout_basic, mainiacjoe_overflow_boulevard
D:4:      layout_rooms, nicolae_qazlal_scattered_showers,
          okawaru_altar_gauntlet_db, hangedman_decor_diamond_cutter

Skill      XL: |  1  2  3  4  5 |
---------------+----------------+-----
Axes           | 3 4 |  4.0
Fighting       | 4 |  4.4
Armour         | 4 |  4.7
Shields        | 4 |  4.3
Maces & Flails | 1 |  1.5
Dodging        | |  0.5

Action                   |  1- 3 |  4- 6 || total
-------------------------+-------+-------++-------
Melee: War axe           |    96 |    49 ||   145
       Flail             |       |    94 ||    94
Throw: Dart              |       |    10 ||    10
Armor: Scale mail        |    81 |    52 ||   133
       Chain mail        |       |    84 ||    84
Dodge: Dodged            |    44 |    59 ||   103
Block: Kite shield       |    75 |   150 ||   225

Table legend: (Time is in decaauts)
 A = Elapsed time spent in this place.
 B = Non-inter-level travel time spent in this place.
 C = Inter-level travel time spent in this place.
 D = Time resting spent in this place.
 E = Time spent auto-exploring this place.
 F = Levels seen in this place.
 G = Mean time per level.
                   A        B        C        D        E       F      G
               +--------+--------+--------+--------+--------+-----+--------+
         Total |   4252 |   4251 |      1 |    777 |    765 |   4 | 1063.0 |
       Dungeon |   4252 |   4251 |      1 |    777 |    765 |   4 | 1063.0 |
               +--------+--------+--------+--------+--------+-----+--------+

Top non-repeatable levels by time:
     D:1: 1481 daAuts
     D:3: 1399 daAuts
     D:2: 1169 daAuts
     D:4: 201 daAuts
